TOP OF THE 1ST |
Kansas City Kings batting - Pitching for Niagara Falls Frenzy : RHP Terry Fields
|
Pitching: RHP Terry Fields
|
|
Batting: RHB Chris Chandler
|
0-0: Ball 1-0: SINGLE (Line Drive, 78M)
|
Batting: LHB Stan Hickman
|
0-0: Ball 1-0: Ball 2-0: Called Strike 2-1: SINGLE (Line Drive, 3L) Chris Chandler to second
|
Batting: LHB Brian Boone
|
0-0: DOUBLE (Line Drive, 78D) Chris Chandler scores Stan Hickman to third
|
Batting: RHB Toshimichi Kono
|
0-0: Swinging Strike 0-1: Ball 1-1: Ball 2-1: Swinging Strike 2-2: Fly out, F8 (Flyball, 89D) Runner from 3rd tags up, SCORES, no throw Brian Boone to third
|
Batting: SHB Douglas Taylor
|
0-0: Ball 1-0: Ground out 3-1 (Groundball, 23) Brian Boone scores
|
Batting: RHB Dave Parker
|
0-0: Called Strike 0-1: Swinging Strike 0-2: Ball 1-2: Ball 2-2: Ground out 5-3 (Groundball, 5L)
|
Top of the 1st over - 3 run(s), 3 hit(s), 0 error(s), 0 left on base; Kansas City 3 - Niagara Falls 0 |
BOTTOM OF THE 1ST |
Niagara Falls Frenzy batting - Pitching for Kansas City Kings : LHP Francisco Morales
|
Pitching: LHP Francisco Morales
|
|
Batting: RHB Kel Pierce
|
0-0: Ball 1-0: Swinging Strike 1-1: Ground out 4-3 (Groundball, 4)
|
Batting: RHB Jorge Cora
|
0-0: Foul Ball, location: 2F 0-1: Foul Ball, location: 2F 0-2: DOUBLE (Flyball, 9D)
|
Batting: LHB Clyde Yarbrough
|
0-0: Ball 1-0: Ball 2-0: Called Strike 2-1: Foul Ball, location: 2F 2-2: DOUBLE (Line Drive, 9LM) Jorge Cora scores
|
Batting: RHB Tomás Estrada
|
0-0: Called Strike 0-1: Swinging Strike 0-2: Foul Ball, location: 2F 0-2: Foul Ball, location: 2F 0-2: Fly out, F3 (Flyball, 3D)
|
Batting: RHB Anastasio Villa
|
0-0: Called Strike 0-1: Swinging Strike 0-2: Ball 1-2: Strikes out swinging
|
Bottom of the 1st over - 1 run(s), 2 hit(s), 0 error(s), 1 left on base; Kansas City 3 - Niagara Falls 1 |
TOP OF THE 2ND |
Kansas City Kings batting - Pitching for Niagara Falls Frenzy : RHP Terry Fields
|
Batting: LHB Luis González
|
0-0: Ball 1-0: Foul Ball, location: 2F 1-1: Ball 2-1: Ball 3-1: Fly out, F4 (Line Drive, 4)
|
Batting: SHB António De La Cruz
|
0-0: Foul Ball, location: 2F 0-1: Foul Ball, location: 2F 0-2: Foul Ball, location: 2F 0-2: Strikes out swinging
|
Batting: SHB José Cruz
|
0-0: Called Strike 0-1: Foul Ball, location: 2F 0-2: Foul Ball, location: 2F 0-2: Foul Ball, location: 2F 0-2: Strikes out swinging, 2-3 out at first.
|
Top of the 2nd over - 0 run(s), 0 hit(s), 0 error(s), 0 left on base; Kansas City 3 - Niagara Falls 1 |
BOTTOM OF THE 2ND |
Niagara Falls Frenzy batting - Pitching for Kansas City Kings : LHP Francisco Morales
|
Batting: LHB Yasuhiko Onodera
|
0-0: Foul Ball, location: 2F 0-1: Ball 1-1: Swinging Strike 1-2: Strikes out swinging
|
Batting: LHB Jerry Johnston
|
0-0: Fly out, F8 (Flyball, 8RS)
|
Batting: RHB Luther Stoffels
|
0-0: Ball 1-0: Called Strike 1-1: Fly out, F7 (Flyball, 7LMF)
|
Bottom of the 2nd over - 0 run(s), 0 hit(s), 0 error(s), 0 left on base; Kansas City 3 - Niagara Falls 1 |
TOP OF THE 3RD |
Kansas City Kings batting - Pitching for Niagara Falls Frenzy : RHP Terry Fields
|
Batting: RHB Chris Chandler
|
0-0: Swinging Strike 0-1: Called Strike 0-2: Ball 1-2: Fly out, F8 (Flyball, 8LS)
|
Batting: LHB Stan Hickman
|
0-0: Called Strike 0-1: SOLO HOME RUN (Flyball, 89XD), Distance : 393 ft
|
Batting: LHB Brian Boone
|
0-0: Ball 1-0: Called Strike 1-1: Swinging Strike 1-2: Strikes out swinging
|
Batting: RHB Toshimichi Kono
|
0-0: Called Strike 0-1: Fly out, F8 (Flyball, 78D)
|
Top of the 3rd over - 1 run(s), 1 hit(s), 0 error(s), 0 left on base; Kansas City 4 - Niagara Falls 1 |
BOTTOM OF THE 3RD |
Niagara Falls Frenzy batting - Pitching for Kansas City Kings : LHP Francisco Morales
|
Batting: RHB Santiago Zambrano
|
0-0: Ball 1-0: Ground out U3 (Groundball, 3L)
|
Batting: RHB Kel Pierce
|
0-0: Ball 1-0: Reached on error, E1 (Groundball, 15S)
|
Batting: RHB Jorge Cora
|
0-0: Called Strike 0-1: Called Strike 0-2: Ball 1-2: Strikes out swinging
|
Batting: LHB Clyde Yarbrough
|
0-0: Ball Kel Pierce is caught stealing 2nd base
|
Bottom of the 3rd over - 0 run(s), 0 hit(s), 1 error(s), 0 left on base; Kansas City 4 - Niagara Falls 1 |
TOP OF THE 4TH |
Kansas City Kings batting - Pitching for Niagara Falls Frenzy : RHP Terry Fields
|
Batting: SHB Douglas Taylor
|
0-0: Ball 1-0: Ball 2-0: Foul Ball, location: 2F 2-1: Ball 3-1: Fly out, F8 (Flyball, 8LD)
|
Batting: RHB Dave Parker
|
0-0: Fly out, F4 (Popup, 3D)
|
Batting: LHB Luis González
|
0-0: Ground out 3-1 (Groundball, 34)
|
Top of the 4th over - 0 run(s), 0 hit(s), 0 error(s), 0 left on base; Kansas City 4 - Niagara Falls 1 |
BOTTOM OF THE 4TH |
Niagara Falls Frenzy batting - Pitching for Kansas City Kings : LHP Francisco Morales
|
Batting: LHB Clyde Yarbrough
|
0-0: Ground out U3 (Groundball, 34)
|
Batting: RHB Tomás Estrada
|
0-0: Ground out 1-3 (Groundball, 13)
|
Batting: RHB Anastasio Villa
|
0-0: Foul Ball, location: 2F 0-1: Hit by Pitch
|
Batting: LHB Yasuhiko Onodera
|
0-0: Ball 1-0: Ball 2-0: Called Strike 2-1: Ground out 6-3 (Groundball, 6M)
|
Bottom of the 4th over - 0 run(s), 0 hit(s), 0 error(s), 1 left on base; Kansas City 4 - Niagara Falls 1 |
TOP OF THE 5TH |
Kansas City Kings batting - Pitching for Niagara Falls Frenzy : RHP Terry Fields
|
Batting: SHB António De La Cruz
|
0-0: Fly out, F6 (Flyball, 56D)
|
Batting: SHB José Cruz
|
0-0: Ground out 5-3 (Groundball, 56)
|
Batting: RHB Chris Chandler
|
0-0: Ball 1-0: Ground out 6-3 (Groundball, 6)
|
Top of the 5th over - 0 run(s), 0 hit(s), 0 error(s), 0 left on base; Kansas City 4 - Niagara Falls 1 |
BOTTOM OF THE 5TH |
Niagara Falls Frenzy batting - Pitching for Kansas City Kings : LHP Francisco Morales
|
Batting: LHB Jerry Johnston
|
0-0: Ball 1-0: Ball 2-0: Called Strike 2-1: Ground out U3 (Groundball, 3)
|
Batting: RHB Luther Stoffels
|
0-0: Ball 1-0: Swinging Strike 1-1: Fly out, F7 (Flyball, 7)
|
Batting: RHB Santiago Zambrano
|
0-0: Ball 1-0: SINGLE (Line Drive, 56D)
|
Batting: RHB Kel Pierce
|
0-0: Ball 1-0: Foul Ball, location: 2F 1-1: Ball 2-1: Foul Ball, location: 2F 2-2: Fly out, F9 (Line Drive, 9LS)
|
Bottom of the 5th over - 0 run(s), 1 hit(s), 0 error(s), 1 left on base; Kansas City 4 - Niagara Falls 1 |
TOP OF THE 6TH |
Kansas City Kings batting - Pitching for Niagara Falls Frenzy : RHP Terry Fields
|
Batting: LHB Stan Hickman
|
0-0: Called Strike 0-1: Ball 1-1: Swinging Strike 1-2: Ball 2-2: SINGLE (Flyball, 8RS)
|
Batting: LHB Brian Boone
|
0-0: Foul Ball, location: 2F 0-1: Ball 1-1: Fielders Choice at 2nd, 4-6 (Groundball, 34)
|
Batting: RHB Toshimichi Kono
|
0-0: Called Strike 0-1: Ground out 5-3 (Groundball, 56S) Brian Boone to second
|
Batting: SHB Douglas Taylor
|
0-0: Swinging Strike 0-1: Called Strike 0-2: Ball 1-2: Foul Ball, location: 2F 1-2: Ball 2-2: Ball 3-2: Foul Ball, location: 2F 3-2: SINGLE (Groundball, 4) (infield hit) Brian Boone to third
|
Batting: RHB Dave Parker
|
0-0: Called Strike 0-1: SINGLE (Line Drive, 56D) Brian Boone scores Douglas Taylor to second Runner from 2nd tries for 3rd, OUT!
|
Top of the 6th over - 1 run(s), 3 hit(s), 0 error(s), 1 left on base; Kansas City 5 - Niagara Falls 1 |
BOTTOM OF THE 6TH |
Niagara Falls Frenzy batting - Pitching for Kansas City Kings : LHP Francisco Morales
|
Batting: RHB Jorge Cora
|
0-0: Ball 1-0: Ball 2-0: Ball 3-0: Called Strike 3-1: Called Strike 3-2: Foul Ball, location: 2F 3-2: Foul Ball, location: 2F 3-2: Base on Balls
|
Batting: LHB Clyde Yarbrough
|
0-0: Ball 1-0: Ball 2-0: Foul Ball, location: 2F 2-1: Reached on error, E5 (Groundball, 5) Jorge Cora to second
|
Batting: RHB Tomás Estrada
|
0-0: Ball 1-0: Fielders Choice at 2nd, 5-4 (Groundball, 5) Jorge Cora to third
|
Batting: RHB Anastasio Villa
|
0-0: Ball 1-0: Swinging Strike 1-1: Fly out, F9 (Flyball, 9S)
|
Batting: LHB Yasuhiko Onodera
|
0-0: Ball 1-0: Called Strike 1-1: Called Strike 1-2: Foul Ball, location: 2F Pickoff Throw to First - Error! E1 Jorge Cora scores Tomás Estrada to second 1-2: SINGLE (Line Drive, 6MD) Tomás Estrada to third
|
Batting: LHB Jerry Johnston
|
0-0: Called Strike 0-1: Foul Ball, location: 2F 0-2: Ground out 5-3 (Groundball, 25)
|
Bottom of the 6th over - 1 run(s), 1 hit(s), 2 error(s), 2 left on base; Kansas City 5 - Niagara Falls 2 |
TOP OF THE 7TH |
Kansas City Kings batting - Pitching for Niagara Falls Frenzy : RHP Terry Fields
|
Batting: LHB Luis González
|
0-0: SINGLE (Groundball, 4MD)
|
Batting: SHB António De La Cruz
|
0-0: Ball 1-0: Fly out, F9 (Flyball, 9S)
|
Batting: SHB José Cruz
|
0-0: Called Strike 0-1: Called Strike 0-2: Strikes out swinging
|
Batting: RHB Chris Chandler
|
0-0: Ball 1-0: Ball 2-0: Ball 3-0: Called Strike 3-1: Called Strike 3-2: Ground out 6-3 (Groundball, 6)
|
Top of the 7th over - 0 run(s), 1 hit(s), 0 error(s), 1 left on base; Kansas City 5 - Niagara Falls 2 |
BOTTOM OF THE 7TH |
Niagara Falls Frenzy batting - Pitching for Kansas City Kings : LHP Francisco Morales
|
Batting: RHB Luther Stoffels
|
0-0: Ground out 5-3 (Groundball, 56)
|
Batting: RHB Santiago Zambrano
|
0-0: Ball 1-0: Ball 2-0: Foul Ball, location: 2F 2-1: Fly out, F3 (Popup, 3L)
|
Batting: RHB Kel Pierce
|
0-0: Called Strike 0-1: Ground out 6-3 (Groundball, 6)
|
Bottom of the 7th over - 0 run(s), 0 hit(s), 0 error(s), 0 left on base; Kansas City 5 - Niagara Falls 2 |
TOP OF THE 8TH |
Kansas City Kings batting - Pitching for Niagara Falls Frenzy : RHP Terry Fields
|
Batting: LHB Stan Hickman
|
0-0: Ball 1-0: Ball 2-0: Called Strike 2-1: Ball 3-1: Fly out, F9 (Flyball, 89XD)
|
Batting: LHB Brian Boone
|
0-0: Ball 1-0: Fly out, F8 (Flyball, 8LXD)
|
Batting: RHB Toshimichi Kono
|
0-0: Foul Ball, location: 2F 0-1: Ball 1-1: DOUBLE (Flyball, 78XD)
|
Batting: SHB Douglas Taylor
|
0-0: Foul Ball, location: 2F 0-1: Ball 1-1: SINGLE (Groundball, 4MD) Toshimichi Kono to third Runner from 3rd tries for Home, SAFE, no throw
|
Pitching: RHP Blaine Yarbrough
|
|
Batting: RHB Dave Parker
|
0-0: Ball 1-0: Called Strike 1-1: Ball 2-1: Ball 3-1: Fly out, F4 (Line Drive, 4)
|
Top of the 8th over - 1 run(s), 2 hit(s), 0 error(s), 1 left on base; Kansas City 6 - Niagara Falls 2 |
BOTTOM OF THE 8TH |
Niagara Falls Frenzy batting - Pitching for Kansas City Kings : LHP Francisco Morales
|
Batting: RHB Jorge Cora
|
0-0: Ball 1-0: Ball 2-0: Called Strike 2-1: Reached via error on a dropped throw, E1
|
Batting: LHB Clyde Yarbrough
|
0-0: Foul Ball, location: 2F 0-1: Swinging Strike 0-2: Foul Ball, location: 2F 0-2: Foul Ball, location: 2F 0-2: Ball 1-2: Ball 2-2: Strikes out swinging
|
Batting: RHB Tomás Estrada
|
0-0: Swinging Strike 0-1: Foul Ball, location: 2F 0-2: Foul Ball, location: 2F 0-2: Ball 1-2: Grounds into double play, 6-4-3 (Groundball, 6)
|
Bottom of the 8th over - 0 run(s), 0 hit(s), 1 error(s), 0 left on base; Kansas City 6 - Niagara Falls 2 |
TOP OF THE 9TH |
Kansas City Kings batting - Pitching for Niagara Falls Frenzy : RHP Blaine Yarbrough
|
Batting: LHB Luis González
|
0-0: Fly out, F7 (Flyball, 7S)
|
Batting: SHB António De La Cruz
|
0-0: Ball 1-0: Ball 2-0: Ball 3-0: Called Strike 3-1: Swinging Strike 3-2: Ground out 4-3 (Groundball, 4)
|
Batting: SHB José Cruz
|
0-0: Ball 1-0: Ball 2-0: Called Strike 2-1: Ball 3-1: Fly out, F4 (Popup, 4D)
|
Top of the 9th over - 0 run(s), 0 hit(s), 0 error(s), 0 left on base; Kansas City 6 - Niagara Falls 2 |
BOTTOM OF THE 9TH |
Niagara Falls Frenzy batting - Pitching for Kansas City Kings : LHP Francisco Morales
|
Batting: RHB Anastasio Villa
|
0-0: Ball 1-0: Ground out 6-3 (Groundball, 6)
|
Batting: LHB Yasuhiko Onodera
|
0-0: Called Strike 0-1: Ball 1-1: Called Strike 1-2: Ground out 3-1 (Groundball, 34S)
|
Batting: LHB Jerry Johnston
|
0-0: Ground out 4-3 (Groundball, 4)
|
Bottom of the 9th over - 0 run(s), 0 hit(s), 0 error(s), 0 left on base; Kansas City 6 - Niagara Falls 2 |
|